 Dungeon Crawl Stone Soup version 0.24-a0-169-g71aafec (webtiles) character file.

Game seed: 15118181920690257878

77 robertstho the Chiller (level 4, -3/32 HPs)
             Began as a Gnoll Ice Elementalist on Mar 8, 2019.
             Was an Initiate of Vehumet.
             Slain by a scorpion (7 damage)
             ... on level 5 of the Dungeon.
             The game lasted 00:04:17 (1268 turns).

robertstho the Chiller (Gnoll Ice Elementalist)     Turns: 1268, Time: 00:04:18

Health: -3/32      AC:  2    Str: 10    XL:     4   Next: 33%
Magic:  3/11       EV: 15    Int: 18    God:    Vehumet [......]
Gold:   37         SH:  0    Dex: 16    Spells: 7/13 levels left

rFire    . . .     SeeInvis .   g - +0 short sword
rCold    . . .     Gourm    .   (no shield)
rNeg     . . .     Faith    .   a - +0 robe
rPois    .         Spirit   .   (no helmet)
rElec    .         Reflect  .   (no cloak)
rCorr    .         Harm     .   (no gloves)
MR       .....                  (no boots)
Stlth    +++.......             (no amulet)
HPRegen  0.10/turn              (no ring)
MPRegen  0.12/turn              (no ring)

@: no status effects
A: distributed training, fangs 1, strong nose
a: Renounce Religion


You were on level 5 of the Dungeon.
You worshipped Vehumet.
Vehumet was noncommittal.
You were not hungry.

You visited 2 branches of the dungeon, and saw 6 of its levels.

You collected 37 gold pieces.

Inventory:

Hand Weapons
 g - a +0 short sword (weapon)
Armour
 a - a +0 robe (worn)
Jewellery
 i - an uncursed ring of flight {unknown}
 l - an uncursed amulet of the acrobat {unknown}
Wands
 h - a wand of digging (6)
Scrolls
 e - a scroll of fog {unknown}
Potions
 d - a potion of degeneration {unknown}
 j - a potion of haste
 k - 2 potions of heal wounds
Comestibles
 c - 5 rations


   Skills:
 + Level 1.1 Fighting
 + Level 1.1 Short Blades
 + Level 1.1 Long Blades
 + Level 1.1 Axes
 + Level 1.1 Maces & Flails
 + Level 1.1 Polearms
 + Level 1.1 Staves
 + Level 1.1 Slings
 + Level 1.1 Bows
 + Level 1.1 Crossbows
 + Level 1.1 Throwing
 + Level 1.1 Armour
 + Level 4.6 Dodging
 + Level 4.2 Stealth
 + Level 1.1 Shields
 + Level 1.1 Unarmed Combat
 + Level 5.0 Spellcasting
 + Level 2.2 Conjurations
 + Level 0.8 Hexes
 + Level 0.8 Charms
 + Level 0.8 Summonings
 + Level 0.8 Necromancy
 + Level 0.8 Translocations
 + Level 0.8 Transmutations
 + Level 0.8 Fire Magic
 + Level 5.4 Ice Magic
 + Level 0.8 Air Magic
 + Level 0.8 Earth Magic
 + Level 0.8 Poison Magic
 + Level 1.2 Invocations
 + Level 1.1 Evocations


You had 7 spell levels left.
You knew the following spells:

 Your Spells              Type           Power        Failure   Level  Hunger
a - Freeze                Ice            ###.         1%          1    None
b - Throw Frost           Conj/Ice       ###...       4%          2    #......
c - Ozocubu's Armour      Chrm/Ice       ###.....     11%         3    ##.....

Your spell library contained the following spells:

 Spells                   Type           Power        Failure   Level  Hunger
 Throw Icicle             Conj/Ice       ###.....     26%         4    ####...
 Summon Ice Beast         Ice/Summ       ###.....     34%         4    ####...


Dungeon Overview and Level Annotations

Branches:
Dungeon (6/15)             Temple (1/1) D:6

Altars:
Cheibriados
Dithmenos
Fedhas
Kikubaaqudgha
Makhleb
Uskayaw
Vehumet
Wu Jian

Annotations:
D:6 Edmund


Innate Abilities, Weirdness & Mutations

Your experience applies equally to all skills.
You have very sharp teeth.
Your uncanny sense of smell can sniff out nearby items.


Message History

A hound skeleton comes into view.
A worker ant comes into view.
The hound skeleton closely misses you. The hound skeleton misses you.
The hound skeleton bites you but does no damage.
Your magical contamination has completely faded away.
The ogre shouts!
You hear the slow rusting of a very distant drain.
The ogre barely misses you. The ogre barely misses you.
The hound skeleton bites you.
* * * LOW HITPOINT WARNING * * *
The hound skeleton bites you.
* * * LOW HITPOINT WARNING * * *
You closely miss the scorpion.
You bite the scorpion, but do no damage.
The hound skeleton bites you.
* * * LOW HITPOINT WARNING * * *
The scorpion stings you!
You die...

.$......##.#.#.# #..##
........##.#.#.## #Y..#
=....#..#.......# #...#
.......O#....#..# #...#
.###.#..#.##....###Y###
#.##.>...........# .
###.##....###.# #
####.##.##..##.#
#....)s@ZO.#...#
..######.##.#### #..#
## #... ##### ∆


You could see an ogre, a scorpion and a hound skeleton.

Vanquished Creatures
  An iguana (D:6)
  3 adders
  An adder skeleton (D:6)
  2 giant cockroaches
  2 goblins (D:1)
  2 hobgoblins (D:1)
  3 kobolds (D:1)
  2 bats
  A frilled lizard (D:2)
  4 rats
21 creatures vanquished.

Notes
Turn   | Place    | Note
-------+----------+-------------------------------------------
     0 | D:1      | robertstho the Gnoll Ice Elementalist began the quest for
                  | the Orb.
     0 | D:1      | Reached XP level 1. HP: 13/13 MP: 6/6
   144 | D:1      | Reached XP level 2. HP: 14/19 MP: 7/7
   654 | D:2      | Learned a level 2 spell: Throw Frost
   660 | D:2      | Reached XP level 3. HP: 23/25 MP: 1/9
   889 | D:3      | Reached skill level 5 in Spellcasting
   897 | D:3      | Learned a level 3 spell: Ozocubu's Armour
   909 | D:3      | You fall through a shaft for 3 floors!
   913 | D:6      | Found a staircase to the Ecumenical Temple.
   922 | Temple   | Entered the Ecumenical Temple
   948 | Temple   | Became a worshipper of Vehumet
   981 | D:6      | Reached skill level 1 in Invocations
  1010 | D:6      | Reached skill level 1 in Fighting
  1010 | D:6      | Reached skill level 1 in Short Blades
  1010 | D:6      | Reached skill level 1 in Long Blades
  1010 | D:6      | Reached skill level 1 in Axes
  1010 | D:6      | Reached skill level 1 in Maces & Flails
  1010 | D:6      | Reached skill level 1 in Polearms
  1010 | D:6      | Reached skill level 1 in Staves
  1010 | D:6      | Reached skill level 1 in Slings
  1010 | D:6      | Reached skill level 1 in Bows
  1010 | D:6      | Reached skill level 1 in Crossbows
  1010 | D:6      | Reached skill level 1 in Throwing
  1010 | D:6      | Reached skill level 1 in Armour
  1010 | D:6      | Reached skill level 1 in Shields
  1010 | D:6      | Reached skill level 1 in Unarmed Combat
  1010 | D:6      | Reached skill level 1 in Evocations
  1010 | D:6      | Reached XP level 4. HP: 29/32 MP: 0/11
  1164 | D:6      | Noticed Edmund
  1212 | D:5      | Entered Level 5 of the Dungeon
  1233 | D:5      | Noticed an ogre
  1253 | D:5      | Noticed an ice beast
  1268 | D:5      | Slain by a scorpion

Levels and vault maps discovered:
D:1:      scummos_arrival_star, layout_rooms, columned_hall_lemuel
D:2:      layout_basic, first_ration, minivault_11, hangedman_decor_riveting
D:3:      layout_basic, elyvilon_altar_5
D:5:      wander_guarded_unrand_ratskin, layout_loops_ring,
          portal_sewer_entry_a, st_stairs_3
D:6:      minmay_cornered_nines, layout_rooms, minmay_temple_entry_ruins,
          serial_shops, shop, corexii_corridor_pit, nemelex_spade_bored_becter,
          uniq_edmund
Temple:   regret_index_temple_sigil_plot

Skill      XL: |  1  2  3 |
---------------+----------+-----
Conjurations   | 2 |  2.2
Spellcasting   | 5 |  5.0
Invocations    | 1 |  1.2
Fighting       | 1 |  1.1
Short Blades   | 1 |  1.1
Long Blades    | 1 |  1.1
Axes           | 1 |  1.1
Maces & Flails | 1 |  1.1
Polearms       | 1 |  1.1
Staves         | 1 |  1.1
Slings         | 1 |  1.1
Bows           | 1 |  1.1
Crossbows      | 1 |  1.1
Throwing       | 1 |  1.1
Armour         | 1 |  1.1
Shields        | 1 |  1.1
Unarmed Combat | 1 |  1.1
Evocations     | 1 |  1.1
Dodging        | |  4.6
Stealth        | |  4.2
Hexes          | |  0.8
Charms         | |  0.8
Summonings     | |  0.8
Necromancy     | |  0.8
Translocations | |  0.8
Transmutations | |  0.8
Fire Magic     | |  0.8
Ice Magic      | |  5.4
Air Magic      | |  0.8
Earth Magic    | |  0.8
Poison Magic   | |  0.8

Action                   |  1- 3 |  4- 6 || total
-------------------------+-------+-------++-------
Melee: Unarmed           |     5 |       ||     5
       Short sword       |    35 |    19 ||    54
       Bite              |     4 |     5 ||     9
 Cast: Freeze            |    18 |     4 ||    22
       Throw Frost       |    10 |     2 ||    12
       Ozocubu's Armour  |       |     1 ||     1
  Use: Potion            |     2 |       ||     2
       Scroll            |       |     1 ||     1
 Stab: Sleeping          |     3 |       ||     3
  Eat: Chunk             |       |     1 ||     1
Armor: Robe              |     5 |     4 ||     9
Dodge: Dodged            |    34 |    28 ||    62

Table legend:
 A = Non-vault XP
 B = Vault XP
 C = Vault XP percentage of total XP
 D = Non-vault monster count
 E = Vault monster count
 F = Vault count percentage of total count
                 A         B        C        D         E       F
            +---------+---------+-------+---------+---------+-------
      Total |     110 |       0 |   0.0 |      21 |       0 |   0.0
            +---------+---------+-------+---------+---------+-------
        D:1 |      19 |       0 |   0.0 |      12 |       0 |   0.0
        D:2 |      16 |       0 |   0.0 |       3 |       0 |   0.0
        D:3 |      16 |       0 |   0.0 |       2 |       0 |   0.0
        D:5 |       2 |       0 |   0.0 |       1 |       0 |   0.0
        D:6 |      57 |       0 |   0.0 |       3 |       0 |   0.0
            +---------+---------+-------+---------+---------+-------
